 Dungeon Crawl Stone Soup version 0.16-a0-4053-g5391420 (console) character file.

965 Monkaria the Carver (level 7, -1/68 HPs)
             Began as a Minotaur Chaos Knight on Feb 20, 2015.
             Slain by Eptagon's ghost (8 damage)
             ... on level 5 of the Dungeon.
             The game lasted 00:09:35 (4054 turns).

Monkaria the Carver (Minotaur Chaos Knight)         Turns: 4054, Time: 00:09:35

Health: -1/68      AC:  5    Str: 19      XL:     7   Next: 93%
Magic:  3/3        EV: 11    Int:  5 (7)  God:    Xom [....*.]
Gold:   208        SH:  0    Dex:  9      Spells: 0 memorised, 6 levels left

rFire  . . .     SeeInvis .     a - +1 falchion (chaos)
rCold  . . .     Clarity  .     b - +2 leather armour
rNeg   + . .     SustAb   .     (no shield)
rPois  +         Gourm    .     (helmet restricted)
rElec  .         Spirit   .     (no cloak)
rCorr  .         Warding  .     (no gloves)
rMut   .         Stasis   .     (no boots)
MR     .....                    (no amulet)
Stlth  +.........               q - ring of poison resistance
                                o - ring of positive energy

@: about to teleport, flying, very slightly contaminated, hasted, very quick,
not resistant to hostile enchantments, very unstealthy
A: retaliatory headbutt, horns 2, dopey 1, mutation resistance 1
a: Renounce Religion


You were on level 5 of the Dungeon.
You worshipped Xom.
You were a beloved toy of Xom.
You were not hungry.

You visited 2 branches of the dungeon, and saw 6 of its levels.

You collected 208 gold pieces.

Inventory:

Hand weapons
 a - a +1 falchion of chaos (weapon)
Missiles
 e - 14 poisoned needles
Armour
 b - a +2 leather armour (worn)
Jewellery
 o - a ring of positive energy (left hand)
 q - a ring of poison resistance (right hand)
Magical devices
 n - a wand of confusion (25)
 x - a wand of frost (7)
Scrolls
 d - a scroll of teleportation
 g - a scroll of amnesia
 t - a scroll of remove curse
 u - a scroll of identify
Potions
 j - a potion of restore abilities
 k - a potion of cancellation
 m - 2 potions of flight
Books
 f - a book of Dreams

   Spells                             Type                      Level
   a - Ensorcelled Hibernation        Hexes/Ice                    2
   b - Flight                         Charms/Air                   3
   c - Phase Shift                    Translocation                5
   d - Shadow Creatures               Summoning                    5
   e - Mass Confusion                 Hexes                        6
   f - Darkness                       Hexes                        7
Comestibles
 c - 3 bread rations
 h - 2 fruits
 l - 2 meat rations


   Skills:
 - Level 8.0 Fighting
 - Level 9.0 Long Blades
 + Level 2.6 Armour
 - Level 1.1 Dodging


You had 6 spell levels left.
You didn't know any spells.

Dungeon Overview and Level Annotations

Branches:
Dungeon (5/15)             Temple (1/1) D:4

Altars:
Ashenzari
Cheibriados
Dithmenos
Fedhas
Gozag
Kikubaaqudgha
Makhleb
Nemelex Xobeh
Okawaru
Qazlal
Vehumet
Xom
Yredelemnul
The Shining One

Annotations:
D:5 Eptagon's ghost, experienced OpTm; Menkaure


Innate Abilities, Weirdness & Mutations

You reflexively headbutt those who attack you in melee.
You have a pair of horns on your head.
You are dopey. (Int -2)
You are somewhat resistant to further mutation.


Message History

Your body is wracked with pain!
* * * LOW HITPOINT WARNING * * *
Drink which item? (? for menu, Esc to quit)
It was a potion of degeneration.
There was something very wrong with that liquid.
You feel dopey. Something hits you but does no damage.
The shadow imp closely misses you.
Read which item? (? for menu, Esc to quit)
As you read the scroll of teleportation, it crumbles to dust.
You feel strangely unstable.
Menkaure calls on the powers of darkness!
Your body is wracked with pain!
* * * LOW HITPOINT WARNING * * *
Something hits you but does no damage.
You closely miss the shadow imp. The shadow imp barely misses you.
You hit the shadow imp.
The shadow imp is heavily wounded.
Something hits you!
You die...
Xom roars with laughter!

,# #.#####.####...##
.# #....<..# ##.##
### .# #########
#.#####.. ##
#.).....# #.#######
*######### #.#
#5.......# #.# **
*,*****#5# #.# *, ,*
#@# #.# , *,*
####{### #.# ****, ,
*#.(.M..#*** #.#**,
,, * **
#...W....#.........,
,**, , *
#####.#########*...
**** , , * #.*
*,,,,,* *, * ** #.**
**,,,** *, * *,,.. ,
* **,** ** , , ,..
,, *


You could see Menkaure and a shadow imp.

Vanquished Creatures
  The ghost of Monkaria the Slasher, an average MiCK of Xom (D:4)
  A water moccasin (D:5)
  2 ogres (D:4)
  A centaur (D:5)
  Sigmund (D:3)
  A scorpion (D:5)
  A water moccasin skeleton (D:4)
  2 hounds
  An orc wizard (D:5)
  2 worker ants
  Natasha (thrice) (D:4)
  Ijyb (D:3)
  Robin (D:2)
  4 adders
  A shadow imp (D:5)
  3 giant mites
  3 worms (D:2)
  An adder skeleton (D:4)
  2 giant geckos
  8 orcs
  8 bats
  10 goblins
  11 hobgoblins
  8 jackals
  A ball python (D:2)
  3 giant cockroaches (D:4)
  A giant gecko skeleton (D:4)
  A giant newt (D:3)
  6 kobolds
  5 quokkas
  A quokka skeleton (D:5)
  7 rats
102 creatures vanquished.

Vanquished Creatures (collateral kills)
  A jackal (D:5)
1 creature vanquished.

Grand Total: 103 creatures vanquished

Notes
Turn   | Place    | Note
--------------------------------------------------------------
     0 | D:1      | Monkaria, the Minotaur Chaos Knight, began the quest for the Orb.
     0 | D:1      | Reached XP level 1. HP: 19/19 MP: 1/1
   236 | D:1      | Reached skill level 4 in Long Blades
   246 | D:1      | XOM: silly message
   381 | D:1      | XOM: silly message
   739 | D:2      | XOM: silly message
   741 | D:2      | Reached XP level 2. HP: 25/27 MP: 1/1
   765 | D:2      | XOM: harmless Erth miscast
   826 | D:2      | XOM: divination: magic mapping
  1004 | D:2      | Reached XP level 3. HP: 31/33 MP: 2/2
  1099 | D:2      | Found a shattered altar of Ashenzari.
  1196 | D:2      | Noticed Robin
  1199 | D:2      | Reached skill level 5 in Long Blades
  1208 | D:2      | Killed Robin
  1211 | D:2      | HP: 1/33 [hobgoblin/club[Robin] (3)]
  1390 | D:2      | Reached XP level 4. HP: 13/41 MP: 2/2
  1838 | D:3      | Noticed Ijyb
  1847 | D:3      | XOM: mild Hex miscast
  1848 | D:3      | Killed Ijyb
  1904 | D:3      | Noticed Sigmund
  2063 | D:3      | XOM: butterfly on damage
  2067 | D:3      | Killed Sigmund
  2067 | D:3      | Reached skill level 5 in Fighting
  2067 | D:3      | Reached skill level 6 in Long Blades
  2067 | D:3      | Reached XP level 5. HP: 16/48 MP: 2/2
  2261 | D:3      | Found a burning altar of Makhleb.
  2261 | D:3      | Noticed an Executioner
  2533 | D:4      | Reached skill level 7 in Long Blades
  2552 | D:4      | Noticed Monkaria's ghost (average MiCK)
  2556 | D:4      | XOM: cast spell 'Blink'
  2576 | D:4      | XOM: confuse monster(s)
  2581 | D:4      | XOM: potion effect (heal wounds)
  2585 | D:4      | XOM: potion effect (agility)
  2586 | D:4      | Reached XP level 6. HP: 56/56 MP: 3/3
  2781 | D:4      | XOM: silly message
  2786 | D:4      | XOM: cast spell 'Blink'
  2790 | D:4      | Killed Monkaria's ghost
  2790 | D:4      | Reached skill level 8 in Long Blades
  2948 | D:4      | Found a basalt altar of Yredelemnul.
  2962 | D:4      | Reached XP level 7. HP: 57/63 MP: 3/3
  2979 | D:4      | Found a staircase to the Ecumenical Temple.
  2998 | Temple   | Entered the Ecumenical Temple
  3026 | Temple   | XOM: mild Divn miscast
  3130 | D:4      | XOM: cast spell 'Summon Butterflies'
  3171 | D:4      | Noticed an ogre
  3175 | D:4      | Noticed an ogre
  3175 | D:4      | XOM: fog
  3181 | D:4      | Killed an ogre
  3188 | D:4      | Killed an ogre
  3245 | D:4      | Noticed Natasha
  3256 | D:4      | Killed Natasha
  3264 | D:4      | XOM: 5-stop teleportation journey
  3265 | D:4      | XOM: vitrification
  3413 | D:4      | XOM: mild Chrm miscast
  3494 | D:4      | Noticed Natasha
  3501 | D:4      | Killed Natasha
  3501 | D:4      | Reached skill level 9 in Long Blades
  3515 | D:4      | Noticed Natasha
  3518 | D:4      | Killed Natasha
  3564 | D:5      | Entered Level 5 of the Dungeon
  3591 | D:5      | XOM: enchant monster (good)
  3684 | D:5      | XOM: summons 3 hostile shadow creatures
  3756 | D:5      | XOM: divination: detect items
  3952 | D:5      | XOM: 2-stop teleportation journey
  4019 | D:5      | XOM: divination: magic mapping
  4027 | D:5      | XOM: 2-stop teleportation journey
  4028 | D:5      | Noticed Eptagon's ghost (experienced OpTm)
  4039 | D:5      | Noticed Menkaure
  4049 | D:5      | Gained mutation: You are dopey. (Int -2) [potion of mutation]
  4049 | D:5      | Gained mutation: You are somewhat resistant to further mutation. [potion of mutation]
  4054 | D:5      | Slain by Eptagon's ghost

Action                   |  1- 3 |  4- 6 |  7- 9 || total
-------------------------+-------+-------+-------++-------
Melee: Falchion          |    97 |   115 |   102 ||   314
Evoke: Wand              |       |     1 |     1 ||     2
  Use: Scroll            |     5 |     5 |     1 ||    11
       Potion            |     1 |       |     7 ||     8
 Stab: Paralysed         |       |     1 |       ||     1
  Eat: Chunk             |     2 |     4 |     4 ||    10
